 Dungeon Crawl Stone Soup version 0.18.1-48-g4cf74bf (webtiles) character file.

3503 Razzik the Insei (level 10, 0/68 HPs)
             Began as an Octopode Transmuter on July 11, 2016.
             Was a Believer of Sif Muna.
             Slain by a killer bee (7 damage)
             ... on level 8 of the Dungeon.
             The game lasted 01:39:16 (10752 turns).

Razzik the Insei (Octopode Transmuter)             Turns: 10752, Time: 01:39:17

Health: 0/68       AC:  1    Str: 12 (14) XL:     10   Next: 7%
Magic:  0/18       EV: 10    Int: 17 (19) God:    Sif Muna [**....]
Gold:   418        SH:  0    Dex: 11 (12) Spells: 4 memorised, 12 levels left

rFire  + . .     SeeInvis .     j - +2 whip (elec)
rCold  . . .     Gourm    .     (no shield)
rNeg   + . .     Faith    .     (helmet restricted)
rPois  .         Spirit   +     g - amulet of guardian spirit
rElec  .         Dismiss  .     k - +2 ring of strength
rCorr  .         Reflect  .     K - ring of positive energy
SustAt .         Harm     .     (no ring)
MR     .....                    (no ring)
Stlth  ++........               (no ring)
                                (no ring)
                                (no ring)
                                (no ring)

@: lethally poisoned (0 -> -8), not resistant to hostile enchantments,
unstealthy
A: almost no armour, amphibious, 8 rings, constrict 8, camouflage 1,
deterioration 1, fire resistance 1, strong 1, gelatinous body 1
a: Channel Energy, Renounce Religion


You were on level 8 of the Dungeon.
You worshipped Sif Muna.
Sif Muna was pleased with you.
You were not hungry.

You visited 1 branch of the dungeon, and saw 9 of its levels.

You collected 418 gold pieces.

Inventory:

Hand Weapons
 j - a +2 whip of electrocution (weapon)
 m - a +3 whip
 y - a +0 shortbow
 M - a +4 quarterstaff of chaos
Missiles
 a - 81 arrows
 s - 3 throwing nets (quivered)
 t - 33 bolts
Armour
 q - a +0 shield
Magical Staves
 L - an uncursed staff of death
Jewellery
 g - an amulet of guardian spirit (around mantle)
 k - a +2 ring of strength (left tentacle)
 K - a ring of positive energy (right tentacle)
Wands
 h - a wand of flame (25/48)
 v - a wand of hasting (3/9)
 G - a wand of enslavement (5/24)
 H - a wand of slowing (14/48)
Scrolls
 e - 3 scrolls of random uselessness
 o - a scroll of magic mapping
 w - a scroll of teleportation
 x - a scroll of recharging
 z - 2 scrolls of immolation
 F - a scroll of fear
 I - a scroll of blinking
Potions
 C - a potion of heal wounds
Books
 b - a book of Changes

   Spells                             Type                      Level
   a - Beastly Appendage              Transmutation                1
   b - Sticks to Snakes               Transmutation                2
   c - Spider Form                    Transmutation/Poison         3
   d - Ice Form                       Ice/Transmutation            4
   e - Blade Hands                    Transmutation                5
 E - the Tome of Execration and Displacement
   (You found it on level 7 of the Dungeon)

   Spells                             Type                      Level
   a - Shroud of Golubria             Charms/Translocation         2
   b - Gell's Gravitas                Hexes/Translocation          3
   c - Fulminant Prism                Conjuration/Hexes            4
   d - Metabolic Englaciation         Hexes/Ice                    5
   e - Invisibility                   Hexes                        6
Comestibles
 c - 9 bread rations
 d - 3 chunks of flesh
 f - a slice of pizza
 l - 4 meat rations
 n - 2 fruits
 B - 5 beef jerkies


   Skills:
 + Level 6.0 Fighting
 + Level 7.0 Dodging
 - Level 0.4 Stealth
 + Level 7.2 Unarmed Combat
 + Level 5.8 Spellcasting
 + Level 6.3 Transmutations


You had 12 spell levels left.
You knew the following spells:

 Your Spells              Type           Power        Failure   Level  Hunger
a - Beastly Appendage     Trmt           ####..       1%          1    None
b - Sticks to Snakes      Trmt           ####....     1%          2    #......
c - Spider Form           Trmt/Pois      ###.......   12%         3    ##.....
d - Shroud of Golubria    Chrm/Tloc      #.........   24%         2    #......


Dungeon Overview and Level Annotations

Branches:
Dungeon (9/15)             Temple (0/1) D:7
   Lair: D:8-11         Orc: D:9-12

Altars:
Ashenzari
Dithmenos
Pakellas
Sif Muna
Vehumet
The Shining One


Innate Abilities, Weirdness & Mutations

You cannot wear most types of armour.
You are amphibious.
You can wear up to eight rings at the same time.
You can use your tentacles to constrict eight enemies at once.
Your skin changes colour to match your surroundings (Stealth).
Your rubbery body absorbs attacks (AC +1).
Your body sometimes deteriorates upon taking damage.
Your flesh is heat resistant.
Your muscles are strong. (Str +2)


Message History

You feel sick. The killer bee barely misses you.
You feel sick. The killer bee completely misses you.
You feel sick. The killer bee stings you.
* * * LOW HITPOINT WARNING * * *
You are more poisoned.
The killer bee poisons you!
You feel sick. The killer bee stings you.
* * * LOW HITPOINT WARNING * * *
The killer bee barely misses you.
* * * LOW HITPOINT WARNING * * *
You feel sick.
* * * LOW HITPOINT WARNING * * *
You feel sick. The killer bee barely misses you.
* * * LOW HITPOINT WARNING * * *
You feel sick.
There is a stone staircase leading down here.
* * * LOW HITPOINT WARNING * * *
You feel sick. The killer bee closely misses you. The killer bee misses you.
The killer bee stings you!
You die...

....##.######.#..#
#.....yy...# .....#.####
#.#..# #..######.##
.....#....###.#..# #..#
#)# ._......#.#......#
#..# #.#
.....#..#.#.###..###..#
#.# .....#.##...#
#..y....# #.#
....##.####.###..y....#
#.#
#.####.....)...y########
.#
.......######.yy@.......
######## ############


You could see 3 killer bees.

Vanquished Creatures
  2 hippogriffs
  An eye of draining (D:8)
  3 orc warriors
  2 phantoms (D:5)
  2 ice beasts
  4 ogres
  2 giant frogs (D:6)
  Blork the orc (D:3)
  A scorpion (D:8)
  4 killer bees (D:8)
  7 wights
  3 howler monkeys
  3 crimson imps
  2 orc priests
  Crazy Yiuf (D:7)
  2 hounds
  4 orc wizards
  An iguana (D:7)
  Terence (D:3)
  3 worker ants
  3 hound zombies
  A hound skeleton (D:4)
  7 adders
  4 shadow imps
  An adder skeleton (D:6)
  2 worms
  7 dart slugs
  4 giant geckos
  22 orcs
  4 ball pythons
  4 giant cockroaches
  2 goblins (D:3)
  6 hobgoblins
  5 jackals
  5 kobolds
  2 quokkas (D:4)
  4 bats
  A giant gecko zombie (D:7)
  3 giant newts
  A jackal skeleton (D:3)
  9 rats
146 creatures vanquished.

Vanquished Creatures (collateral kills)
  A hungry ghost (D:8)
  An ice beast (D:7)
  2 orc warriors (D:6)
  A sky beast (D:6)
  A phantom (D:4)
  An ogre (D:7)
  2 centaurs
  2 scorpions
  2 wights
  A howler monkey (D:6)
  A quasit (D:7)
  A hound (D:5)
  An orc priest (D:4)
  2 adders
  8 orcs
  2 goblins (D:3)
29 creatures vanquished.

Vanquished Creatures (others)
  A jackal (D:5)
  3 fungi (D:7)
4 creatures vanquished.

Grand Total: 179 creatures vanquished

Notes
Turn   | Place    | Note
--------------------------------------------------------------
     0 | D:1      | Razzik the Octopode Transmuter began the quest for the Orb.
     0 | D:1      | Reached XP level 1. HP: 13/13 MP: 3/3
   306 | D:1      | Reached XP level 2. HP: 18/18 MP: 3/5
   926 | D:2      | Reached XP level 3. HP: 23/23 MP: 6/6
   982 | D:2      | Learned a level 2 spell: Sticks to Snakes
  1877 | D:3      | Reached XP level 4. HP: 18/28 MP: 0/7
  2273 | D:3      | Noticed Terence
  2277 | D:3      | Killed Terence
  2297 | D:3      | Reached XP level 5. HP: 25/33 MP: 0/9
  2383 | D:3      | Gained mutation: Your flesh is heat resistant. [potion of mutation]
  2383 | D:3      | Gained mutation: Your body sometimes deteriorates upon taking damage. [potion of mutation]
  2383 | D:3      | Gained mutation: Your muscles are strong. (Str +2) [potion of mutation]
  2873 | D:3      | Noticed Blork the orc
  3174 | D:3      | Killed Blork the orc
  3336 | D:3      | Found a deep blue altar of Sif Muna.
  3350 | D:3      | Became a worshipper of Sif Muna the Loreminder
  3449 | D:3      | Found a shadowy altar of Dithmenos.
  3969 | D:4      | Reached XP level 6. HP: 39/39 MP: 2/10
  4126 | D:4      | Learned a level 3 spell: Spider Form
  4573 | D:4      | Noticed a phantom
  4790 | D:4      | Killed a phantom
  4863 | D:5      | Entered Level 5 of the Dungeon
  4899 | D:5      | Reached XP level 7. HP: 45/45 MP: 9/12
  5567 | D:5      | Found a glowing golden altar of the Shining One.
  5764 | D:5      | Reached skill level 5 in Unarmed Combat
  5967 | D:5      | Reached XP level 8. HP: 52/52 MP: 12/14
  6078 | D:6      | Found an oddly glowing altar of Pakellas.
  6675 | D:6      | Reached skill level 5 in Dodging
  6900 | D:6      | Reached * piety under Sif Muna
  7011 | D:6      | Reached skill level 5 in Transmutations
  7337 | D:6      | Reached XP level 9. HP: 52/59 MP: 3/16
  8007 | D:6      | Reached skill level 5 in Fighting
  8007 | D:6      | Reached skill level 5 in Spellcasting
  8075 | D:7      | Identified the Tome of Execration and Displacement
  8081 | D:7      | Learned a level 2 spell: Shroud of Golubria
  8229 | D:7      | Found a staircase to the Ecumenical Temple.
  9572 | D:7      | Noticed Crazy Yiuf
  9576 | D:7      | Killed Crazy Yiuf
  9800 | D:7      | HP: 3/61 [poisoned by a killer bee]
  9805 | D:7      | HP: 1/61 [poisoned by a killer bee]
 10116 | D:8      | Reached ** piety under Sif Muna
 10368 | D:8      | Found a shattered altar of Ashenzari.
 10488 | D:8      | Found a radiant altar of Vehumet.
 10525 | D:8      | Reached XP level 10. HP: 56/68 MP: 7/18
 10694 | D:8      | HP: 3/68 [poisoned by a killer bee]
 10752 | D:8      | Slain by a killer bee

Skill      XL: |  1  2  3  4  5  6  7  8  9 10 |
---------------+-------------------------------+-----
Transmutations | 3 4 5 6 |  6.3
Spellcasting   | 3 4 5 |  5.8
Fighting       | 2 3 4 5 6 |  6.0
Dodging        | 3 4 5 6 7 |  7.0
Unarmed Combat | 4 5 7 |  7.2
Stealth        | |  0.4

Action                   |  1- 3 |  4- 6 |  7- 9 | 10-12 || total
-------------------------+-------+-------+-------+-------++-------
Melee: Unarmed           |    14 |    14 |    94 |     4 ||   126
       Constrict         |    14 |    27 |    30 |     3 ||    74
       Kick              |     9 |     4 |    32 |     1 ||    46
       Tentacles         |     5 |    19 |    31 |     5 ||    60
       Whip              |    40 |    97 |   156 |    16 ||   309
       Punch             |       |     2 |     9 |       ||    11
 Cast: Beastly Appendage |    10 |     8 |    34 |     2 ||    54
       Sticks to Snakes  |     1 |    27 |    89 |    10 ||   127
       Spider Form       |       |     2 |    11 |     1 ||    14
       Shroud of Golubri |       |       |     5 |     1 ||     6
Evoke: Wand              |       |       |       |     1 ||     1
  Use: Scroll            |     5 |       |    11 |     2 ||    18
       Potion            |       |     3 |     6 |     1 ||    10
 Stab: Sleeping          |     3 |     1 |     2 |       ||     6
       Distracted        |     1 |       |     4 |       ||     5
  Eat: Meat ration       |     1 |       |       |     1 ||     2
       Chunk             |       |     4 |    10 |       ||    14
       Bread ration      |       |     1 |     1 |       ||     2
       Fruit             |       |       |     3 |       ||     3
       Beef jerky        |       |       |     3 |       ||     3
Armor: Skin              |     5 |     7 |    13 |     1 ||    26
Dodge: Dodged            |    29 |    64 |   227 |    33 ||   353
Block: Shield            |     4 |    11 |       |       ||    15
